 Dungeon Crawl Stone Soup version 0.16-a0-2757-g883b90a (webtiles) character file.

847 kroki the Cleaver (level 7, -1/56 HPs)
             Began as a Minotaur Warper on Nov 27, 2014.
             Splashed by a jelly's acid (7 damage)
             ... on level 6 of the Dungeon.
             The game lasted 00:09:24 (5793 turns).

kroki the Cleaver (Minotaur Warper)                 Turns: 5793, Time: 00:09:24

Health: -1/56      AC:  1    Str: 19      XL:     7   Next: 68%
Magic:  15/15      EV:  7    Int: 10      God:
Gold:   258        SH:  0    Dex: 10 (12) Spells: 1 memorised, 7 levels left

rFire  . . .     SeeInvis .     E - +0 war axe
rCold  . . .     Clarity  .     D - +0 chain mail
rNeg   . . .     SustAb   .     (no shield)
rPois  .         Gourm    .     x - +2 hat
rElec  .         Spirit   .     (no cloak)
rCorr  .         Warding  .     p - +0 pair of gloves
rMut   +         Stasis   .     (no boots)
MR     .....                    A - amulet of resist mutation
Stlth  ..........               i - ring of magical power
                                y - +4 ring of strength

@: about to teleport, corroded equipment, very slightly contaminated, not
resistant to hostile enchantments, extremely unstealthy
A: retaliatory headbutt, horns 2
a: no special abilities


You were on level 6 of the Dungeon.
You were hungry.

You visited 1 branch of the dungeon, and saw 6 of its levels.

You collected 258 gold pieces.

Inventory:

Hand weapons
 E - a +0 war axe (weapon)
   (You took it off a goblin on level 5 of the Dungeon)
Missiles
 e - 4 tomahawks of dispersal (quivered)
 l - 3 tomahawks
 s - 9 poisoned needles
Armour
 n - a +0 ring mail
   (You found it on level 2 of the Dungeon)
 p - a +0 pair of gloves (worn)
   (You found it on level 2 of the Dungeon)
 x - a +2 hat (worn)
   (You found it on level 4 of the Dungeon)
 D - a +0 chain mail (worn)
   (You found it on level 5 of the Dungeon)
Jewellery
 g - an uncursed ring of teleportation
   (You found it on level 1 of the Dungeon)
 i - a ring of magical power (right hand)
   (You found it on level 5 of the Dungeon)
 y - a +4 ring of strength (left hand)
   (You found it on level 4 of the Dungeon)
 A - an amulet of resist mutation (around neck)
   (You took it off Dowan on level 5 of the Dungeon)
 B - an uncursed ring of fire
   (You found it on level 5 of the Dungeon)
Magical devices
 z - a wand of digging (3)
   (You took it off Dowan on level 5 of the Dungeon)
 C - a wand of polymorph (14)
   (You found it on level 6 of the Dungeon)
Scrolls
 b - 2 scrolls of magic mapping
 u - a scroll of recharging
 F - a scroll of remove curse
Potions
 j - a potion of restore abilities
Books
 c - a book of Spatial Translocations
Comestibles
 f - 5 bread rations
 m - 4 fruits
 r - a meat ration


   Skills:
 - Level 2.4 Fighting
 + Level 10.6 Axes
 - Level 1.0 Throwing
 - Level 1.2 Armour
 - Level 2.1 Dodging
 - Level 1.3 Spellcasting
 - Level 2.1 Translocations


You had 7 spell levels left.
You knew the following spells:

 Your Spells              Type           Power        Failure   Level  Hunger
q - Apportation           Tloc           #.........   99%         1    ##.....


Innate Abilities, Weirdness & Mutations

You reflexively headbutt those who attack you in melee.
You have a pair of horns on your head.

Dungeon Overview and Level Annotations

Branches:
Dungeon (6/15)
 Temple: D:4-7

Altars:
Gozag
Nemelex Xobeh

......#.......#.###
.....#.8...8.#...##
.....##.....##.>..#
....####.###.....#
...).............#
##.......###.....#
#........(###...##
##......J## #..##
....###@..###.## ..
###...#.# ###O#.#
#<...#
.........O###
.....#...# ..##
....# ..#..#
##....#


You could see an ogre and a jelly.


Message History

The jelly is almost dead.
The jelly hits you.
* * * LOW HITPOINT WARNING * * *
You are splashed with acid!
The acid corrodes your equipment!
The acid burns!
* * * LOW HITPOINT WARNING * * *
You take 9 damage.
You are too injured to fight recklessly!
You are too injured to fight recklessly!
You are too injured to fight recklessly!
You hit the jelly.
The jelly is almost dead.
The jelly hits you.
* * * LOW HITPOINT WARNING * * *
You are splashed with acid!
The acid burns!
* * * LOW HITPOINT WARNING * * *
You take 13 damage.
You feel your dexterity returning.
Read which item? (? for menu, Esc to quit)
Blink to where?
As you read the scroll of blinking, it crumbles to dust.
You are very lightly contaminated with residual magic.
The ogre shouts!
Read which item? (? for menu, Esc to quit)
As you read the scroll of teleportation, it crumbles to dust.
You feel strangely unstable.
You hear a slurping noise.
The jelly hits you.
* * * LOW HITPOINT WARNING * * *
You are splashed with acid!
The acid burns!
You die...

Notes
Turn   | Place    | Note
--------------------------------------------------------------
     0 | D:1      | kroki, the Minotaur Warper, began the quest for the Orb.
     0 | D:1      | Reached XP level 1. HP: 18/18 MP: 2/2
   165 | D:1      | Reached skill level 3 in Axes
   261 | D:1      | Reached XP level 2. HP: 22/25 MP: 2/2
   644 | D:1      | Reached skill level 4 in Axes
   762 | D:2      | Reached XP level 3. HP: 16/30 MP: 3/3
  1243 | D:2      | Found a sparkling altar of Nemelex Xobeh.
  1926 | D:3      | Reached skill level 5 in Axes
  2013 | D:3      | Reached XP level 4. HP: 27/37 MP: 4/4
  2406 | D:3      | Reached skill level 6 in Axes
  2578 | D:3      | Reached XP level 5. HP: 32/42 MP: 4/4
  3575 | D:4      | Reached skill level 7 in Axes
  3648 | D:4      | Reached XP level 6. HP: 34/50 MP: 5/5
  3901 | D:4      | Reached skill level 8 in Axes
  4491 | D:4      | Reached skill level 9 in Axes
  4743 | D:5      | Entered Level 5 of the Dungeon
  4744 | D:5      | Noticed Dowan
  4746 | D:5      | Noticed Duvessa
  4876 | D:5      | Killed Dowan
  4876 | D:5      | Reached XP level 7. HP: 48/56 MP: 6/6
  4916 | D:5      | Killed Duvessa
  5717 | D:6      | Found an opulent altar of Gozag.
  5740 | D:6      | Noticed Grinder
  5758 | D:6      | Paralysed by Grinder for 4 turns
  5773 | D:6      | Killed Grinder
  5773 | D:6      | Reached skill level 10 in Axes
  5793 | D:6      | Splashed by a jelly's acid

Vanquished Creatures
  Grinder (D:6)
  A centaur (D:4)
  Duvessa (D:5)
  4 wights (D:4)
  Dowan (D:5)
  A giant frog skeleton (D:5)
  A hound (D:4)
  7 gnolls (D:3)
  8 adders
  3 giant geckos
  2 oozes (D:4)
  5 orcs
  2 bat skeletons (D:4)
  4 giant cockroaches
  15 hobgoblins
  2 jackals (D:2)
  2 quokkas
  9 bats
  A giant gecko skeleton (D:4)
  5 giant newts
  5 goblins
  A jackal zombie (D:6)
  8 kobolds
  A quokka skeleton (D:4)
  A quokka zombie (D:5)
  11 rats
102 creatures vanquished.

Action                   |  1- 3 |  4- 6 |  7- 9 || total
-------------------------+-------+-------+-------++-------
Melee: Hand axe          |   128 |   201 |    23 ||   352
       War axe           |       |       |    34 ||    34
Throw: Tomahawk          |       |       |     1 ||     1
  Use: Scroll            |     8 |     2 |     4 ||    14
       Potion            |       |       |     6 ||     6
 Stab: Distracted        |       |     1 |       ||     1
  Eat: Chunk             |     3 |     6 |     1 ||    10
       Meat ration       |       |     1 |       ||     1

Vault maps used:
D:1:      matt_arrival_grand_opening
D:2:      nemelex_deck
D:3:      kennysheep_big_flooded_room, minmay_misc_feat_room
D:5:      first_bread, uniq_duvessa
D:6:      tgw_trog, grunt_temple_overflow_diamond, grunt_gozag_statues,
          serial_shops, shop, uniq_grinder, uniq_crazy_yiuf_cottage
